Map: Thunderbird LE

Players

Zygos - Winner!

  • Race: Protoss Protoss
  • League: Master
  • Spawn Location: 11:00

Mez

  • Race: Terran Terran
  • League: Master
  • Spawn Location: 5:00

VOD

Have the link to the VOD?

Description

Time

  • Played on: Aug. 13, 2019, 7:54 a.m.
  • Length: 13:01
Show
View Real Time Build Order
Export as new Build Order

Zygos Protoss - Winner!

Build Orders: 1 Gate Expand, Double Forge, Phoenix Opening, Blink Stalkers, Chargelot Immortal 

Get SALT Encoding   

  12  0:00  Probe  
  13  0:12  Probe  
  14  0:17  Pylon  
  14  0:24  Probe  
  15  0:32  Probe  
  15  0:39  Gateway  
  15  0:40  Probe  
  17  0:51  Assimilator, Probe  
  18  1:03  Probe  
  19  1:15  Probe  
  20  1:26  Nexus  
  20  1:30  Probe  
  21  1:35  Cybernetics Core  
  21  1:42  Probe  
  21  1:43  Assimilator  
  22  1:53  Pylon  
  22  1:55  Probe  
  23  2:02  Adept  
  23  2:11  Probe  
  23  2:12  Warp Gate  
  26  2:24  Probe  
  26  2:29  Sentry  
  27  2:34  Probe  
  27  2:36  Probe  
  30  2:42  Probe  
  31  2:49  Probe  
  33  2:51  Twilight Council  
  33  2:53  Stalker, Probe  
  36  3:01  Probe  
  36  3:03  Probe  
  38  3:11  Probe  
  38  3:13  Probe  
  38  3:15  Phoenix  
  38  3:19  Probe  
  40  3:24  Stalker  
  40  3:25  Probe  
  44  3:30  Pylon, Blink  
  44  3:31  Probe  
  44  3:37  Probe  
  44  3:40  Assimilator x2  
  45  3:41  Probe  
  46  3:49  Probe  
  46  3:50  Probe  
  46  3:53  Pylon  
  48  3:56  Robotics Facility  
  48  3:58  Probe  
  48  4:01  Probe  
  50  4:06  Gateway  
  50  4:07  Gateway  
  50  4:10  Probe  
  51  4:19  Probe  
  51  4:21  Probe  
  53  4:25  Nexus  
  53  4:27  Forge  
  53  4:28  Forge  
  53  4:31  Probe  
  53  4:33  Stalker  
  56  4:38  Observer  
  56  4:40  Probe  
  56  4:41  Pylon  
  56  4:43  Protoss Ground Armor Level 1  
  58  4:50  Probe  
  59  4:53  Probe, Protoss Ground Weapons Level 1  
  59  4:54  Phoenix  
  60  5:00  Observer  
  60  5:02  Probe  
  60  5:03  Pylon  
  60  5:06  Stalker x2  
  66  5:07  Stalker  
  66  5:11  Probe  
  69  5:15  Probe  
  70  5:24  Probe  
  70  5:27  Probe  
  72  5:36  Probe, Gateway  
  72  5:38  Probe  
  72  5:39  Probe  
  75  5:47  Charge  
  75  5:48  Probe  
  76  5:50  Probe  
  76  5:51  Probe  
  78  5:57  Pylon  
  78  6:00  Probe, Pylon  
  78  6:02  Templar Archives, Probe, Sentry, Gateway  
  78  6:03  Probe, Gateway  
  83  6:04  Gateway  
  83  6:12  Probe  
  84  6:19  Probe x2  
  84  6:22  Gateway  
  84  6:23  Assimilator  
  84  6:24  Gateway  
  86  6:26  Probe  
  86  6:27  Assimilator, Pylon, Gateway  
  86  6:29  Gateway  
  83  6:35  Probe  
  83  6:36  Psionic Storm  
  83  6:37  Probe  
  85  6:41  Immortal  
  85  6:42  Zealot x4  
  85  6:44  Observer  
  93  6:51  Nexus  
  97  6:55  Protoss Ground Armor Level 2  
  97  6:58  High Templar  
  97  7:00  Protoss Ground Weapons Level 2  
  99  7:02  Pylon  
  99  7:09  Probe x3  
  99  7:10  Pylon  
  102  7:15  Zealot x4  
  102  7:17  High Templar  
  102  7:18  High Templar  
  102  7:21  Probe  
  115  7:31  Stalker x2  
  115  7:36  Photon Cannon  
  119  7:39  Pylon  
  119  7:40  Photon Cannon  
  119  7:44  Shield Battery  
  119  7:47  Stalker x4  
  119  7:49  Observer  
  119  7:50  Stalker  
  129  7:51  Stalker  
  129  7:53  Probe  
  129  7:55  Immortal, Probe  
  129  7:57  Zealot x3  
  139  8:04  Photon Cannon  
  139  8:05  Probe x2  
  145  8:20  Zealot x5  
  155  8:31  Photon Cannon  
  155  8:34  Pylon  
  155  8:36  Pylon  
  155  8:39  Assimilator, Pylon  
  155  8:45  Assimilator  
  155  8:48  Immortal  
  155  8:51  Photon Cannon  
  155  8:54  Stalker, Shield Battery  
  155  8:55  Stalker x6  
  173  9:03  Robotics Facility  
  173  9:08  Pylon  
  173  9:13  Pylon  
  167  9:22  Immortal, Probe, Protoss Ground Weapons Level 3  
  167  9:26  Pylon  
  167  9:27  Probe  
  168  9:32  Protoss Ground Armor Level 3  
  168  9:35  Stalker x3  
  168  9:36  Stalker x2  
  181  9:43  Stalker  
  181  9:44  Stalker x3  
  181  9:45  Stalker  
  184  9:47  Probe  
  184  9:48  Immortal  
  185  9:59  Probe x3  
  191  10:05  Probe  
  192  10:10  Robotics Bay  
  187  10:21  High Templar  
  187  10:22  High Templar  
  187  10:24  Probe x3  
  187  10:25  Probe  
  195  10:30  Photon Cannon  
  195  10:33  Photon Cannon  
  195  10:39  Robotics Facility  
  195  10:41  Photon Cannon  
  195  10:43  Photon Cannon  
  195  10:45  Shield Battery  
  195  10:50  Extended Thermal Lance  
  183  11:16  Immortal  
  141  11:29  Stalker, Colossus x2  
  141  11:30  Stalker x5  
  148  11:38  Probe x3  
  163  11:44  Probe  
  163  11:49  Stalker x5  
  163  11:50  Probe x3  
  167  12:09  Immortal  
  167  12:13  Zealot x3  
  167  12:14  Stalker x3  
  183  12:24  Photon Cannon  
  183  12:25  Probe x2  
  183  12:27  Photon Cannon  
  185  12:35  Stalker x3  
Show
View Real Time Build Order
Export as new Build Order

Mez Terran 

Build Orders:  

Get SALT Encoding   

  12  0:00  SCV  
  13  0:13  SCV  
  14  0:18  Supply Depot  
  14  0:25  SCV  
  15  0:40  SCV  
  16  0:44  Barracks  
  16  0:50  Refinery  
  16  0:52  SCV  
  17  1:04  SCV  
  18  1:16  SCV  
  20  1:34  Orbital Command  
  20  1:39  Reaper  
  20  1:44  Command Center  
  20  1:58  Bunker  
  20  2:00  SCV  
  21  2:03  Supply Depot  
  21  2:11  Marine  
  21  2:14  SCV  
  23  2:30  Command Center  
  23  2:31  Barracks Reactor  
  23  2:35  SCV  
  24  2:47  Factory  
  24  2:48  SCV  
  26  2:58  Orbital Command  
  26  3:04  SCV  
  26  3:08  Marine x2  
  28  3:16  SCV  
  29  3:24  SCV  
  29  3:26  Marine x2  
  32  3:28  SCV  
  33  3:36  Widow Mine, SCV  
  33  3:38  Starport  
  33  3:40  SCV  
  37  3:41  Orbital Command  
  37  3:44  Refinery, Marine x2  
  39  3:49  SCV  
  39  3:50  Refinery  
  39  3:52  SCV  
  41  4:00  Widow Mine  
  41  4:01  SCV  
  44  4:04  SCV  
  44  4:06  Marine x2  
  44  4:08  Supply Depot  
  47  4:13  SCV  
  47  4:17  SCV  
  49  4:20  SCV, Starport Tech Lab  
  49  4:22  Factory Tech Lab  
  50  4:25  Marine x2  
  50  4:26  SCV  
  50  4:29  SCV  
  54  4:31  Supply Depot  
  54  4:32  SCV  
  54  4:35  Orbital Command  
  54  4:38  SCV  
  56  4:41  SCV  
  56  4:43  Siege Tank, Marine x2  
  62  4:52  Raven  
  64  4:53  SCV x2, Barracks  
  64  4:54  Barracks  
  64  4:58  Refinery  
  64  4:59  Supply Depot  
  66  5:03  SCV  
  66  5:05  SCV x2, Marine x2  
  66  5:07  Supply Depot  
  71  5:16  SCV  
  71  5:17  SCV x2  
  71  5:20  Siege Tank  
  77  5:28  SCV  
  77  5:29  SCV x2  
  80  5:36  Supply Depot x2  
  80  5:40  SCV  
  80  5:41  SCV  
  80  5:44  SCV  
  81  5:51  Bunker  
  81  5:53  SCV  
  81  5:56  Engineering Bay  
  82  5:57  Starport Reactor  
  82  5:59  Engineering Bay  
  82  6:00  Stimpack, Marine x2, Marauder  
  82  6:01  SCV, Barracks x2  
  82  6:02  Factory Reactor  
  87  6:07  Combat Shield  
  87  6:09  Marauder  
  87  6:11  SCV  
  90  6:18  Marine x2  
  91  6:20  SCV x2  
  91  6:22  Marauder  
  91  6:23  Supply Depot  
  91  6:24  SCV  
  91  6:25  Supply Depot  
  96  6:32  SCV x2, Marauder  
  98  6:34  Medivac x2  
  98  6:36  Terran Infantry Armor Level 1, Terran Infantry Weapons Level 1  
  98  6:38  SCV  
  103  6:44  SCV x2  
  105  6:48  Refinery  
  105  6:49  Marine x2  
  105  6:50  Refinery, Marauder  
  105  6:51  Barracks Reactor, SCV  
  105  6:52  Barracks Tech Lab  
  110  6:55  Widow Mine x2  
  110  6:56  SCV  
  110  6:58  SCV  
  110  6:59  Supply Depot  
  116  7:03  SCV  
  116  7:04  Supply Depot  
  116  7:08  SCV  
  118  7:10  SCV, Marine x2, Marauder x2  
  125  7:21  Marine, Medivac x2  
  130  7:28  Marine x2  
  132  7:31  Marauder  
  132  7:32  Marauder  
  132  7:33  Marine  
  132  7:34  Marine  
  132  7:35  Supply Depot  
  138  7:38  Marine, Command Center, Supply Depot  
  139  7:45  Widow Mine  
  139  7:50  Ghost Academy  
  141  7:51  Armory  
  141  7:57  Widow Mine, Marine, Marauder, Medivac  
  148  7:59  Marauder x2, Medivac  
  148  8:00  Supply Depot  
  148  8:04  Supply Depot  
  154  8:06  Supply Depot  
  154  8:07  Marine x2  
  156  8:14  Barracks  
  156  8:15  Barracks x2  
  156  8:21  Missile Turret  
  156  8:22  Missile Turret  
  156  8:23  Missile Turret  
  156  8:25  Missile Turret  
  156  8:27  Missile Turret  
  156  8:28  Supply Depot  
  156  8:29  Supply Depot  
  156  8:35  Missile Turret  
  156  8:43  Ghost x3  
  162  9:02  Marine  
  162  9:03  Marine, Barracks Tech Lab x3  
  164  9:11  Ghost  
  165  9:21  Ghost x3  
  162  9:26  Liberator x2  
  166  9:48  Starport  
  166  9:50  Starport  
  158  9:57  Ghost x5  
  158  9:59  Marine x2  
  169  10:00  Marine x3  
  169  10:03  Bunker  
  169  10:06  Bunker  
  173  10:07  Bunker  
  173  10:09  Planetary Fortress  
  171  10:17  Marine  
  171  10:19  Sensor Tower  
  164  10:23  Missile Turret  
  164  10:26  Missile Turret  
  164  10:28  SCV x3  
  167  10:30  Ghost, Marauder  
  167  10:31  Ghost x2, Marauder, Missile Turret  
  177  10:40  Refinery, SCV x2  
  177  10:41  Refinery  
  185  10:50  Starport Reactor  
  146  11:23  Marine  
  146  11:24  Marine x3, Marauder x2  
  146  11:25  Marine, Marauder  
  124  11:29  Marauder x2  
  123  11:41  Marine  
  123  11:42  Marine x3  
  123  11:43  Marauder  
  123  11:45  Marauder x2  
  123  11:46  Marauder  
  135  11:50  Command Center, Marine x2  
  135  11:51  Command Center  
  137  11:57  Starport Tech Lab  
  137  11:59  Marine, Liberator x4  
  134  12:01  Fusion Core  
  127  12:12  Marauder  
  127  12:13  Command Center, Marine x4, Marauder x4  
  137  12:17  Marine  
  150  12:27  Sensor Tower  
  150  12:31  Ghost, Command Center  
  150  12:32  Marine  
  150  12:33  Marine x2  
  150  12:34  Marine x4  
Tags
 
Add a new tag
Caveats
  • Supply blocks, unpowered buildings, or Contaminate may cause inaccurate times.
  • Supply counts are checked every 10 seconds.